 Dungeon Crawl Stone Soup version 0.31-a0-963-ga325b2283a (webtiles) character file.

Game seed: 12276767703022514477

301 Sanktem7 the Chopper (level 6, -3/53 HPs)
             Began as a Minotaur Fighter on Oct 26, 2023.
             Succumbed to Edmund's poison
             ... on level 4 of the Dungeon.
             The game lasted 00:03:31 (2349 turns).

Sanktem7 the Chopper (Minotaur Fighter)             Turns: 2349, Time: 00:03:31

Health: -3/53      AC:  0    Str: 23    XL:     6   Next: 14%
Magic:  5/5        EV: 13    Int:  5    God:
Gold:   161        SH:  0    Dex:  9    Spells: 5/5 levels left

rFire   . . .        a - melded +0 war axe {axe}
rCold   . . .        c - melded +0 buckler
rNeg    . . .        b - melded +0 scale mail
rPois   .            (helmet currently unavailable)
rElec   .            (cloak currently unavailable)
rCorr   .            j - melded +2 pair of gloves
SInv    .            (boots currently unavailable)
Will    .....        (no amulet)
Stlth   +            (ring currently unavailable)
HPRegen 0.28/turn    (ring currently unavailable)
MPRegen 0.09/turn

%: no passive effects
@: lethally poisoned (-3 -> -51), pig-form, very quick
A: fast, no casting, small, (horns 2), (retaliatory headbutt)
a: no special abilities


You were on level 4 of the Dungeon.
You were a filthy swine.
You visited 1 branch of the dungeon, and saw 4 of its levels.

You collected 161 gold pieces.


Innate Abilities, Weirdness & Mutations

You are a filthy swine.
You move quickly.
Your equipment is almost entirely melded.
You are incapable of wielding weapons or throwing items.
You cannot cast spells.
((You have a pair of horns on your head.))
((You reflexively headbutt those who attack you in melee.))


   Skills:
 + Level 4.7 Fighting
 * Level 5.0 Axes
 + Level 2.1 Throwing
 + Level 4.7 Armour
 + Level 4.6 Shields


You had 5 spell levels left.
You didn't know any spells.
Your spell library contained the following spells:

 Spells                   Type           Power      Damage    Failure   Level
 Apportation              Tloc           0%         N/A       47%         1
 Magic Dart               Conj           0%         1d3       47%         1
 Necrotise                Necr           0%         1d4       47%         1
 Summon Small Mammal      Summ           0%         N/A       47%         1
 Poisonous Vapours        Pois/Air       0%         N/A       63%         2
 Searing Ray              Conj           0%         2d4       63%         2
 Mephitic Cloud           Conj/Pois/Air  0%         N/A       85%         3
 Fulminant Prism          Conj/Hex       0%         3d5       99%         4
 Freezing Cloud           Conj/Ice/Air   0%         6-21      100%        5

Inventory:

Hand Weapons
 a - a +0 war axe (melded) {axe}
 r - a +2 flail of protection {mace}
   (You took it off a gnoll on level 3 of the Dungeon)
Missiles
 e - 4 javelins {throwing}
 f - 22 stones {throwing}
 o - 2 boomerangs {throwing}
Armour
 b - a +0 scale mail (melded)
 c - a +0 buckler (melded)
 j - a +2 pair of gloves (melded)
   (You found it on level 1 of the Dungeon)
Scrolls
 h - a scroll of teleportation {unknown}
 q - 3 scrolls of identify {unknown}
 s - a scroll of fear {unknown}
Potions
 d - a potion of might
 g - 2 potions of curing {unknown}
 k - a potion of berserk rage {unknown}
 l - a potion of enlightenment {unknown}
 n - a potion of cancellation {unknown}
 p - a potion of lignification {unknown}

Dungeon Overview and Level Annotations

Branches:
Dungeon (4/15) Zot: 21606
 Temple: D:4-7

Altars:
Elyvilon

Annotations:
D:4 Edmund

. .## ## #
..## ..
#.##... .#
##.....##..###
#............#
# ####@#
#.#....#
#.#.#h.#
#......#
###.##.#
#.##...
#)###### #.#
#.# #.# #.#


You could see Edmund.


Message History

You barely miss the kobold. Your headbutt misses the kobold.
The kobold closely misses you.
The kobold hits you with a +0 dagger. 😕 HP[-2]
You take 2 damage, and now have 45/47 hp.
You closely miss the kobold. You headbutt the kobold.
You kill the kobold!
A jelly comes into view.
You hit the black bear but do no damage.
The black bear bites you. The black bear barely misses you.
The black bear closely misses you. 😕 HP[-4]
You take 4 damage, and now have 41/47 hp.
You barely miss the black bear. The black bear barely misses you.
You furiously retaliate!
You headbutt the black bear! The black bear claws you.
The black bear claws you but does no damage.
The black bear bites you. The black bear barely misses you.
The black bear claws you but does no damage. 😕 HP[-2]
You take 2 damage, and now have 39/47 hp.
You slash the black bear! You block the black bear's attack.
The black bear claws you but does no damage.
You block the black bear's attack.
You hit the black bear but do no damage.
Your headbutt misses the black bear. The black bear barely misses you.
The black bear claws you but does no damage. x2 😕 HP[+1]
You slash the black bear!
You kill the black bear!
The jelly barely misses you.
Your Throwing skill increases to level 2!
You have reached level 6! 😕 HP[+5] MP[+1]
You now have 53 max hp (+6).
You regained 5 hp, and now have 45/53 hp.
Your mp is fully restored (5).
You slash the jelly! The acid corrodes you!
Your hands burn!
The jelly hits you but does no damage. 😕 HP[-4]
You take 4 damage, and now have 41/53 hp.
You hit the jelly.
Your hands burn!
The jelly hits you but does no damage. 😮 HP[-4]
You take 4 damage, and now have 37/53 hp.
You are too injured to fight recklessly!
You are too injured to fight recklessly!
You are too injured to fight recklessly!
You are too injured to fight recklessly!
You are too injured to fight recklessly!
You are too injured to fight recklessly!
You are too injured to fight recklessly!
You are too injured to fight recklessly!
You are too injured to fight recklessly!
You are too injured to fight recklessly!
You are too injured to fight recklessly!
You are too injured to fight recklessly!
You are too injured to fight recklessly!
A jelly is nearby!
You slash the jelly!
You kill the jelly!
Your Axes skill increases to level 5!
f - 22 stones {throwing} (gained 3)
You see here a +0 dagger {short}. 😮 HP[+1]
You are no longer corroded.
Edmund the Younger comes into view.
He is wielding a +2 flail of venom and carrying a wand of polymorph. 😎 HP[+15]
Your hp is fully restored (53).
Edmund zaps a wand.
You turn into a filthy swine.
Your +0 war axe {axe} melds into your body.
Your +2 pair of gloves melds into your body.
Your +0 buckler melds into your body.
Your +0 scale mail melds into your body.
You closely miss Edmund.
Unknown command.
You hit Edmund. Edmund completely misses you.
You hit Edmund.
Edmund clears his throat.
Edmund hits you with a +2 flail of venom!
You are poisoned. 😮 HP[-14]
You take 14 damage, and now have 39/53 hp.
MASSIVE DAMAGE!! (PAUSE)
You hit Edmund but do no damage.
You feel very sick.
Edmund hits you with a +2 flail of venom!
* * * LOW HITPOINT WARNING * * *
You are lethally poisoned! 😨 HP[-17]
You take 17 damage, and now have 22/53 hp.
MASSIVE DAMAGE!! (PAUSE)
* * * LOW HITPOINT WARNING * * *
You feel very sick. Edmund attacks as he pursues you!
Edmund hits you with a +2 flail of venom!
* * * LOW HITPOINT WARNING * * *
You are more poisoned. 😱 HP[-17]
You take 17 damage, and now have 5/53 hp.
MASSIVE DAMAGE!! (PAUSE)
You die...

Skill      XL: |  1  2  3  4  5  6 |
---------------+-------------------+-----
Axes           | 3 4 5 |  5.0
Armour         | 4 |  4.7
Fighting       | 4 |  4.7
Throwing       | 1 2 |  2.1
Shields        | 4 |  4.6

Action                     |  1- 3 |  4- 6 || total
---------------------------+-------+-------++-------
  Melee: War axe           |    78 |    52 ||   130
         Headbutt          |     3 |    14 ||    17
         Unarmed           |       |     4 ||     4
 Armour: Scale mail        |    54 |    54 ||   108
         Skin              |       |     3 ||     3
  Dodge: Dodged            |    41 |    46 ||    87
  Block: Buckler           |    20 |    13 ||    33

Levels and vault maps discovered:
D:1:      co_arrival_square_in_a_square_in_a_square, layout_rooms,
          chequers_jeans
D:2:      layout_basic
D:3:      layout_basic, old_standard_altar, chequers_ecumenical_altar_simple
D:4:      layout_basic, minmay_temple_entry_tees, uniq_sigmund, uniq_edmund

Notes
Turn   | Place    | Note
-------+----------+-------------------------------------------
     0 | D:1      | Sanktem7 the Minotaur Fighter began the quest for the Orb.
     0 | D:1      | Reached XP level 1. HP: 19/19 MP: 0/0
     0 | D:1      | magus.rc [v1.9.6]
   102 | D:1      | Reached XP level 2. HP: 27/27 MP: 1/1
   127 | D:1      | Reached skill level 3 in Axes
   144 | D:1      | You pick up a book of Vapours and begin reading...
   144 | D:1      | You add the spells Poisonous Vapours, Mephitic Cloud and
                  | Freezing Cloud to your library.
   173 | D:1      | Reached XP level 3. HP: 17/33 MP: 2/2
   193 | D:1      | Reached skill level 4 in Armour
   331 | D:1      | You pick up a book of Cantrips and begin reading...
   331 | D:1      | You add the spells Necrotise, Summon Small Mammal and
                  | Apportation to your library.
   444 | D:1      | You pick up a book of Conjurations {@e2} and begin
                  | reading...
   444 | D:1      | You add the spells Magic Dart, Searing Ray and Fulminant
                  | Prism to your library.
   638 | D:2      | Reached skill level 4 in Fighting
   638 | D:2      | Reached skill level 1 in Throwing
  1155 | D:2      | Reached skill level 4 in Shields
  1441 | D:3      | Reached XP level 4. HP: 40/40 MP: 3/3
  1475 | D:3      | Found a faded altar of an unknown god.
  1502 | D:3      | Reached skill level 4 in Axes
  1692 | D:3      | Reached XP level 5. HP: 47/47 MP: 4/4
  1692 | D:3      | Found a white marble altar of Elyvilon.
  1738 | D:3      | HP: 11/47 [gnoll/+0 whip (4)]
  1753 | D:3      | HP: 10/47 [gnoll/+2 flail of protection (4)]
  2265 | D:4      | Noticed a black bear
  2276 | D:4      | Killed a black bear
  2277 | D:4      | Reached skill level 2 in Throwing
  2277 | D:4      | Reached XP level 6. HP: 45/53 MP: 5/5
  2280 | D:4      | Reached skill level 5 in Axes
  2340 | D:4      | Noticed Edmund
  2348 | D:4      | HP: 5/53 [Edmund/+2 flail of venom (11)]
  2349 | D:4      | Succumbed to Edmund's poison

Vanquished Creatures
  A black bear (D:4)
  An orc priest (D:3)
  A jelly (D:4)
  An orc wizard (D:3)
  4 gnolls (D:3)
  An adder (D:3)
  A worm (D:2)
  4 dart slugs
  5 orcs (D:3)
  5 endoplasms
  A giant cockroach (D:3)
  3 goblins
  A hobgoblin (D:1)
  8 jackals (D:1)
  7 kobolds
  3 quokkas
  7 ball pythons
  9 bats
  3 frilled lizards
  2 rats
68 creatures vanquished.

Table legend:
 A = Non-vault XP
 B = Vault XP
 C = Vault XP percentage of total XP
 D = Non-vault monster count
 E = Vault monster count
 F = Vault count percentage of total count
                 A         B        C        D         E       F
            +---------+---------+-------+---------+---------+-------
      Total |     430 |       0 |   0.0 |      68 |       0 |   0.0
            +---------+---------+-------+---------+---------+-------
        D:1 |      56 |       0 |   0.0 |      29 |       0 |   0.0
        D:2 |      29 |       0 |   0.0 |      15 |       0 |   0.0
        D:3 |     175 |       0 |   0.0 |      21 |       0 |   0.0
        D:4 |     170 |       0 |   0.0 |       3 |       0 |   0.0
            +---------+---------+-------+---------+---------+-------

Skill      XL: |  1  2  3  4  5  6 |
---------------+-------------------+-----
Axes           | 3 4 5 |  5.0
Armour         | 4 |  4.7
Fighting       | 4 |  4.7
Throwing       | 1 2 |  2.1
Shields        | 4 |  4.6

Action                     |  1- 3 |  4- 6 || total
---------------------------+-------+-------++-------
  Melee: War axe           |    78 |    52 ||   130
         Headbutt          |     3 |    14 ||    17
         Unarmed           |       |     4 ||     4
 Armour: Scale mail        |    54 |    54 ||   108
         Skin              |       |     3 ||     3
  Dodge: Dodged            |    41 |    46 ||    87
  Block: Buckler           |    20 |    13 ||    33

Illustrated notes

Table legend:
 A = Kills in this place as a percentage of kills in the entire game.
 B = Kills by you in this place as a percentage of kills by you in the entire game.
 C = Kills by friends in this place as a percentage of kills by friends in the entire game.
 D = Other kills in this place as a percentage of other kills in the entire game.
 E = Experience gained in this place as a percentage of experience gained in the entire game.
 F = Experience gained in this place divided by the number of levels of this place that you have seen.
                   A       B       C       D       E      F
               +-------+-------+-------+-------+-------+----------------------
         Total | 100.0 | 100.0 |   N/A |   N/A | 100.0 | 107.5
       Dungeon | 100.0 | 100.0 |   N/A |   N/A | 100.0 | 107.5
               +-------+-------+-------+-------+-------+----------------------

Table legend: (Time is in decaauts)
 A = Elapsed time spent in this place.
 B = Non-inter-level travel time spent in this place.
 C = Inter-level travel time spent in this place.
 D = Time resting spent in this place.
 E = Time spent auto-exploring this place.
 F = Levels seen in this place.
 G = Mean time per level.
                   A        B        C        D        E       F      G
               +--------+--------+--------+--------+--------+-----+--------+
         Total |   2393 |   2336 |     57 |    133 |   1818 |   4 |  598.2 |
       Dungeon |   2393 |   2336 |     57 |    133 |   1818 |   4 |  598.2 |
               +--------+--------+--------+--------+--------+-----+--------+

Top non-repeatable levels by time:
     D:2: 951 daAuts
     D:3: 772 daAuts
     D:1: 573 daAuts
     D:4: 96 daAuts
